 Dungeon Crawl Stone Soup version 0.28-a0-1348-g050f3537b9 (webtiles) character file.

Game seed: 4385404920074835881

3838 Deminshera the Covert (level 10, -5/64 HPs)
             Began as a Kobold Brigand on Dec 30, 2021.
             Was a Follower of Dithmenos.
             Slain by a two-headed ogre (7 damage)
             ... on level 8 of the Dungeon.
             The game lasted 00:15:26 (12011 turns).

Deminshera the Covert (Kobold Brigand)             Turns: 12011, Time: 00:15:27

Health: -5/64      AC:  7    Str: 12    XL:     10   Next: 40%
Magic:  10/10      EV: 16    Int: 13    God:    Dithmenos [*.....]
Gold:   284        SH:  0    Dex: 17    Spells: 9/9 levels left

rFire   + . .      SeeInvis .   j - +3 quick blade
rCold   . . .      Faith    .   (no shield)
rNeg    + . .      Spirit   .   x - +2 leather armour {rF+}
rPois   .          Reflect  .   (no helmet)
rElec   .          Harm     .   c - +0 cloak
rCorr   .          Rampage  .   h - +0 pair of gloves
Will    .....                   (no boots)
Stlth   +++++++...              (no amulet)
HPRegen 0.20/turn               u - ring of positive energy
MPRegen 0.12/turn               (no ring)

@: wreathed by umbra
A: small, no large weapons, nightstalker 3
a: Renounce Religion


You were on level 8 of the Dungeon.
You worshipped Dithmenos.
Dithmenos was aware of your devotion.
You visited 2 branches of the dungeon, and saw 9 of its levels.

You collected 284 gold pieces.

Inventory:

Hand Weapons
 g - a +0 dagger of venom
 j - a +3 quick blade (weapon)
Missiles
 d - 27 poisoned darts (quivered)
 e - a curare-tipped dart
 f - 155 stones
 q - 5 throwing nets
Armour
 c - a +0 cloak (worn)
 h - a +0 pair of gloves (worn)
 l - +0 steam dragon scales
 x - a +2 leather armour of fire resistance (worn)
Jewellery
 u - a ring of positive energy (left hand)
 v - a ring of fire
Wands
 b - a wand of paralysis (5)
 i - a wand of polymorph (12)
 p - a wand of mindburst (5)
 z - a wand of acid (5)
Scrolls
 a - a scroll of silence
 k - a scroll of noise
 m - a scroll of identify
 n - a scroll of teleportation
Potions
 r - a potion of cancellation {unknown}
 s - a potion of attraction {unknown}
 t - 2 potions of berserk rage
 w - 3 potions of heal wounds
 B - a potion of haste {unknown}
 E - a potion of might {unknown}


   Skills:
 - Level 8.0 Fighting
 - Level 8.0 Short Blades
 - Level 4.0 Throwing
 - Level 5.0 Dodging
 + Level 13.5 Stealth
 - Level 5.0 Evocations


You had 9 spell levels left.
You didn't know any spells.
Your spell library contained the following spells:

 Spells                   Type           Power      Damage    Failure   Level
 Apportation              Tloc           0%         N/A       36%         1
 Summon Small Mammal      Summ           0%         N/A       36%         1
 Call Canine Familiar     Summ           0%         N/A       75%         3
 Portal Projectile        Hex/Tloc       0%         N/A       75%         3
 Summon Guardian Golem    Hex/Summ       0%         N/A       75%         3
 Leda's Liquefaction      Hex/Erth       0%         N/A       98%         4
 Alistair's Intoxication  Tmut/Pois      0%         N/A       100%        5


Dungeon Overview and Level Annotations

Branches:
Dungeon (8/15)             Temple (1/1) D:4
   Lair: D:8-11

Altars:
Ashenzari
Cheibriados
Dithmenos
Fedhas
Nemelex Xobeh
Qazlal
Ru
Vehumet

Shops:
D:2 [


Innate Abilities, Weirdness & Mutations

You are small and have problems with some larger weapons.
You are completely attuned to the shadows.


Message History

The death yak is severely wounded.
The death yak gores you!!
You hit the death yak.
The death yak is severely wounded.
You puncture the death yak!
The death yak is almost dead.
The death yak bellows!
You hit the death yak.
The death yak is almost dead.
You hear a roar!
You hear an angry hiss.
The death yak gores you.
* * * LOW HITPOINT WARNING * * *
You hear a bellow!
Aiming: Corrosive Bolt
Press: ? - help, Shift-Dir - straight line, f/p - death yak
Aim: a death yak (lightly wounded, 91% to hit)
The bolt of acid hits the death yak!
You kill the death yak!
Dithmenos accepts your kill.
The bolt of acid hits the death yak!
The death yak is moderately wounded.
Your Stealth skill increases to level 13!
The two-headed ogre shouts in stereo!
You hear an angry hiss.
You hear a bellow!
The two-headed ogre completely misses you.
The two-headed ogre hits you with a +0 giant club!
* * * LOW HITPOINT WARNING * * *
The death yak snorts and paws the ground.
The death yak snorts and paws the ground.
Aiming: Paralyse
Press: ? - help, Shift-Dir - straight line, f - two-headed ogre, p - death yak
Aim: a two-headed ogre, wielding a +0 giant spiked club and a +0 giant club (chance to affect: 44%)
The two-headed ogre resists with some effort.
The two-headed ogre closely misses you.
The two-headed ogre hits you with a +0 giant club!
* * * LOW HITPOINT WARNING * * *
There is a stone staircase leading up here.
The two-headed ogre closely misses you.
The two-headed ogre hits you with a +0 giant club!
You die...

... ...#####
.#....@#
#....YO#
#......#
..#......#
...#......#
...........#
............# Y
............#
...............#


You could see a death yak and a two-headed ogre.

Vanquished Creatures
  A death yak (D:8)
  Sigmund (D:2)
  Eustachio (D:5)
  A steam dragon (D:7)
  Menkaure (D:5)
  A water moccasin (D:8)
  An ice beast (D:6)
  2 orc warriors (D:6)
  2 sky beasts
  3 necrophages
  2 ogres
  A bullfrog (D:8)
  A kobold brigand (D:5)
  3 scorpions
  A wyvern skeleton (D:6)
  4 killer bees (D:8)
  8 wights
  2 hounds
  5 jellies
  A centaur zombie (D:7)
  An orc priest (D:5)
  A scorpion zombie (D:5)
  2 bullfrog skeletons
  Natasha (thrice) (D:3)
  6 iguanas
  3 orc wizards
  A hound skeleton (D:4)
  An adder (D:5)
  10 gnolls
  A howler monkey skeleton (D:7)
  An ufetubus (D:6)
  3 worms
  4 dart slugs
  10 orcs
  4 ball pythons
  6 bats
  4 endoplasms
  2 giant cockroaches
  2 goblins (D:2)
  5 hobgoblins
  14 jackals
  2 quokkas (D:1)
  6 frilled lizards
  11 kobolds
  11 rats
156 creatures vanquished.

Vanquished Creatures (collateral kills)
  A shadow imp (D:8)
1 creature vanquished.

Vanquished Creatures (others)
  An orc wizard (D:6)
  An orc (D:6)
2 creatures vanquished.

Grand Total: 159 creatures vanquished

Notes
Turn   | Place    | Note
-------+----------+-------------------------------------------
     0 | D:1      | Deminshera the Kobold Brigand began the quest for the Orb.
     0 | D:1      | Reached XP level 1. HP: 12/12 MP: 1/1
   594 | D:1      | Reached XP level 2. HP: 18/18 MP: 2/2
   594 | D:1      | Found a faded altar of an unknown god.
   882 | D:1      | Reached XP level 3. HP: 16/22 MP: 3/3
  1608 | D:2      | Noticed Sigmund
  1612 | D:2      | Killed Sigmund
  1613 | D:2      | Reached skill level 6 in Stealth
  1613 | D:2      | Reached XP level 4. HP: 29/29 MP: 4/4
  1613 | D:2      | Reached XP level 5. HP: 33/33 MP: 5/5
  1613 | D:2      | Reached XP level 6. HP: 38/38 MP: 6/6
  1838 | D:2      | Found Neicoump's Antique Armour Emporium.
  1882 | D:2      | Found a blossoming altar of Fedhas.
  2503 | D:3      | Noticed an ogre
  2517 | D:3      | Killed an ogre
  2518 | D:3      | Reached skill level 1 in Evocations
  2932 | D:3      | Noticed Natasha
  2957 | D:3      | Killed Natasha
  2958 | D:3      | Reached XP level 7. HP: 29/44 MP: 7/7
  3300 | D:3      | Noticed Natasha
  3348 | D:3      | Killed Natasha
  3349 | D:3      | Reached skill level 7 in Stealth
  3434 | D:3      | Reached skill level 5 in Short Blades
  3726 | D:3      | Noticed Natasha
  3735 | D:3      | Killed Natasha
  4123 | D:4      | Found a staircase to the Ecumenical Temple.
  4160 | Temple   | Entered the Ecumenical Temple
  4184 | Temple   | Became a worshipper of Dithmenos the Shadowed
  5133 | D:5      | Entered Level 5 of the Dungeon
  5136 | D:5      | Reached skill level 5 in Fighting
  5200 | D:5      | Reached XP level 8. HP: 43/49 MP: 8/8
  5255 | D:5      | Noticed Eustachio
  5257 | D:5      | Reached skill level 8 in Stealth
  5260 | D:5      | Killed Eustachio
  5288 | D:5      | Noticed Menkaure
  5767 | D:5      | Reached * piety under Dithmenos
  6449 | D:5      | Reached skill level 9 in Stealth
  6449 | D:5      | Reached skill level 5 in Evocations
  6449 | D:5      | Reached XP level 9. HP: 34/55 MP: 9/9
  6807 | D:5      | Killed Menkaure
  8184 | D:6      | Found a radiant altar of Vehumet.
  8222 | D:6      | Reached skill level 10 in Stealth
  8780 | D:6      | Found a sparkling altar of Nemelex Xobeh.
 10982 | D:8      | Reached skill level 11 in Stealth
 10982 | D:8      | Reached XP level 10. HP: 56/64 MP: 10/10
 11004 | D:8      | Identified a scroll of acquirement
 11004 | D:8      | Acquired a +3 quick blade
 11213 | D:8      | Reached skill level 5 in Dodging
 11245 | D:8      | Reached skill level 12 in Stealth
 11469 | D:8      | Noticed a two-headed ogre
 11961 | D:8      | Noticed a death yak
 11962 | D:8      | Noticed a death yak
 11962 | D:8      | Noticed a death yak
 11989 | D:8      | Killed a death yak
 11990 | D:8      | Reached skill level 13 in Stealth
 12007 | D:8      | HP: 1/64 [two-headed ogre (11)]
 12011 | D:8      | Slain by a two-headed ogre

Illustrated notes

Levels and vault maps discovered:
D:1:      dpeg_arrival_signposts, layout_loops_ring,
          dreamdust_ecumenical_altar_hidden_monk_grotto
D:2:      layout_basic, serial_shops, nicolae_shop_overgrown_old_shop,
          basic_altar, minmay_door_square, minmay_tromino_v4_a, uniq_sigmund
D:3:      layout_loops_ring, uniq_natasha
D:4:      layout_loops_ring, minmay_temple_entry_grid
D:5:      layout_cave_pools, uniq_menkaure, uniq_eustachio
D:6:      layout_basic, mainiacjoe_overflow_concentric_impassable,
          fiery_altar_vehumet, hangedman_decor_peaks_small
D:7:      layout_loops_corners
D:8:      layout_rooms, nicolae_sif_muna_little_library, dpeg_lair_monsters,
          enter_ossuary_4, kennysheep_generic_room_4
Temple:   mainiacjoe_temple_coin_purse

Skill      XL: |  1  2  3  4  5  6  7  8  9 10 |
---------------+-------------------------------+-----
Short Blades   | 3 4 5 7 8 |  8.0
Throwing       | 4 |  4.0
Fighting       | 3 4 5 6 8 |  8.0
Stealth        | 6 7 9 11 13 | 13.5
Evocations     | 1 3 5 |  5.0
Dodging        | 4 5 |  5.0

Action                   |  1- 3 |  4- 6 |  7- 9 | 10-12 || total
-------------------------+-------+-------+-------+-------++-------
Melee: Dagger            |    59 |    56 |   366 |       ||   481
       Quick blade       |       |       |       |   117 ||   117
Throw: Stone             |    15 |       |       |       ||    15
       Dart              |     1 |     2 |     5 |       ||     8
Evoke: Wand              |       |       |    10 |     3 ||    13
  Use: Potion            |       |       |     1 |       ||     1
       Scroll            |       |       |     1 |    10 ||    11
 Stab: Sleeping          |    26 |    21 |    28 |       ||    75
       Distracted        |       |       |     3 |       ||     3
       Paralysed         |       |       |     3 |       ||     3
Armor: Robe              |    14 |     5 |    19 |       ||    38
       Leather armour    |       |       |    51 |    16 ||    67
Dodge: Dodged            |    44 |    18 |   167 |    65 ||   294

Table legend: (Time is in decaauts)
 A = Elapsed time spent in this place.
 B = Non-inter-level travel time spent in this place.
 C = Inter-level travel time spent in this place.
 D = Time resting spent in this place.
 E = Time spent auto-exploring this place.
 F = Levels seen in this place.
 G = Mean time per level.
                   A        B        C        D        E       F      G
               +--------+--------+--------+--------+--------+-----+--------+
         Total |  11801 |  11529 |    272 |   4899 |   5268 |   9 | 1311.2 |
       Dungeon |  11767 |  11503 |    264 |   4899 |   5257 |   8 | 1470.9 |
        Temple |     33 |     25 |      8 |      0 |     11 |   1 |   33.0 |
               +--------+--------+--------+--------+--------+-----+--------+

Top non-repeatable levels by time:
     D:6: 2024 daAuts
     D:5: 2022 daAuts
     D:7: 1862 daAuts
     D:3: 1829 daAuts
     D:1: 1579 daAuts
     D:4: 1228 daAuts
     D:2: 728 daAuts
     D:8: 491 daAuts
  Temple: 33 daAuts
